 Dungeon Crawl Stone Soup version 0.25-a0-1119-g28b6fd0c3b (webtiles) character file.

Game seed: 12044439902538946259, levelgen mode: deterministic

116 Gynju the Chiller (level 5, -5/35 HPs)
             Began as a Merfolk Ice Elementalist on May 18, 2020.
             Killed by nerve-wracking pain
             ... invoked by Grinder
              (12 damage)
             ... on level 3 of the Dungeon.
             The game lasted 00:03:16 (3018 turns).

Gynju the Chiller (Merfolk Ice Elementalist)        Turns: 3018, Time: 00:03:16

Health: -5/35      AC:  7    Str:  9    XL:     5   Next: 1%
Magic:  1/8        EV: 12    Int: 15    God:
Gold:   101        SH:  9    Dex: 14    Spells: 7/8 levels left

rFire    . . .     SeeInvis .   d - +0 whip
rCold    . . .     Gourm    .   j - +0 buckler
rNeg     . . .     Faith    .   f - +3 leather armour
rPois    .         Spirit   .   (no helmet)
rElec    .         Reflect  +   (no cloak)
rCorr    .         Harm     .   (no gloves)
MR       .....                  i - +0 pair of boots
Stlth    ++........             b - amulet of reflection
HPRegen  0.11/turn              (no ring)
MPRegen  0.11/turn              (no ring)

@: no status effects
A: change form in water, swift swim, stealthy swim
a: no special abilities


You were on level 3 of the Dungeon.
You were not hungry.

You visited 1 branch of the dungeon, and saw 3 of its levels.

You collected 101 gold pieces.

Inventory:

Hand Weapons
 d - a +0 whip (weapon)
Armour
 f - a +3 leather armour (worn)
 i - a +0 pair of boots (worn)
 j - a +0 buckler (worn)
Jewellery
 b - an amulet of reflection (around neck)
Scrolls
 g - 2 scrolls of remove curse {unknown}
 h - a scroll of teleportation {unknown}
 l - 2 scrolls of identify {unknown}
Potions
 a - 2 potions of stabbing {unknown}
 e - a potion of berserk rage {unknown}
 k - a potion of flight {unknown}
 n - 2 potions of resistance {unknown}
Comestibles
 c - 4 rations


   Skills:
 + Level 2.2 Maces & Flails
 - Level 2.6 Dodging
 - Level 2.1 Stealth
 + Level 2.7 Shields
 - Level 2.2 Spellcasting
 - Level 4.5 Ice Magic


You had 7 spell levels left.
You knew the following spells:

 Your Spells              Type           Power        Failure   Level  Hunger
a - Freeze                Ice            ###.         5%          1    #......

Your spell library contained the following spells:

 Spells                   Type           Power        Failure   Level  Hunger
 Frozen Ramparts          Ice            ###...       16%         3    ###....
 Ozocubu's Armour         Chrm/Ice       #.......     38%         3    ###....
 Hailstorm                Conj/Ice       #.......     80%         4    #####..
 Summon Ice Beast         Ice/Summ       #.......     80%         4    #####..


Dungeon Overview and Level Annotations

Branches:
Dungeon (3/15)

Altars:
Okawaru

Annotations:
D:3 Grinder


Message History

Press: ? - help, Shift-Dir - straight line, f/p - Grinder
Aim: Grinder (lightly wounded) Grinder resists.
You freeze Grinder.
Grinder is lightly wounded.
Grinder blinks!
Casting: Freeze (safe; 5% risk of failure)
Confirm with . or Enter, or press ? or * to list all spells.
You can't see any susceptible monsters within range! (Use Z to cast anyway.)
Casting: Freeze (safe; 5% risk of failure)
Confirm with . or Enter, or press ? or * to list all spells.
You can't see any susceptible monsters within range! (Use Z to cast anyway.)
Casting: Freeze (safe; 5% risk of failure)
Confirm with . or Enter, or press ? or * to list all spells.
You can't see any susceptible monsters within range! (Use Z to cast anyway.)
Casting: Freeze (safe; 5% risk of failure)
Confirm with . or Enter, or press ? or * to list all spells.
You can't see any susceptible monsters within range! (Use Z to cast anyway.) Grinder gestures at you.
Pain shoots through your body!
You die...

#.# #.# ######## #>#
#......# #### #.# #.####.#
... #.# #.# #.# #.. #.#
#.# #.# #.. #.# #.# #.#
##..####)###.# #.#
#......@.....# #.#
#...5.####.########.#####.
#.#.#. #.# #......... # #.
#.######.#.#####. #.
#........#.# # #.
##########o# # #.
#######.###### #.
#.............
#.#####.######


You could see Grinder.

Vanquished Creatures
  An orc priest (D:3)
  Jessica (D:2)
  A gnoll (D:2)
  A dart slug (D:1)
  3 leopard geckos (D:2)
  5 orcs
  7 hobgoblins
  A ball python (D:3)
  3 bats
  2 frilled lizards (D:1)
  3 goblins
  10 kobolds
  6 rats
44 creatures vanquished.

Notes
Turn   | Place    | Note
-------+----------+-------------------------------------------
     0 | D:1      | Gynju the Merfolk Ice Elementalist began the quest for the
                  | Orb.
     0 | D:1      | Reached XP level 1. HP: 13/13 MP: 3/3
   619 | D:1      | Reached XP level 2. HP: 15/19 MP: 5/5
  1229 | D:1      | Reached skill level 1 in Shields
  1799 | D:2      | Reached skill level 1 in Maces & Flails
  1799 | D:2      | Reached XP level 3. HP: 24/24 MP: 3/6
  1995 | D:2      | Noticed Jessica
  2006 | D:2      | Killed Jessica
  2237 | D:2      | Reached XP level 4. HP: 30/30 MP: 7/7
  2368 | D:2      | Found an iron altar of Okawaru.
  2629 | D:3      | Noticed Grinder
  2996 | D:3      | Reached XP level 5. HP: 35/35 MP: 5/8
  3007 | D:3      | Paralysed by Grinder for 4 turns
  3018 | D:3      | Killed from afar by Grinder

Illustrated notes

Levels and vault maps discovered:
D:1:      onia_arrival_pentagram, layout_basic
D:2:      layout_basic, first_ration, okawaru_altar_gauntlet_db, uniq_jessica
D:3:      layout_loops_ring, chequers_ecumenical_altar_simple_redux,
          uniq_natasha, uniq_grinder

Skill      XL: |  1  2  3  4 |
---------------+-------------+-----
Shields        | 1 2 |  2.7
Maces & Flails | 1 2 |  2.2
Dodging        | |  2.6
Stealth        | |  2.1
Spellcasting   | |  2.2
Ice Magic      | |  4.5

Action                   |  1- 3 |  4- 6 || total
-------------------------+-------+-------++-------
Melee: Whip              |    85 |    19 ||   104
       Unarmed           |     1 |       ||     1
 Cast: Freeze            |    16 |    29 ||    45
 Stab: Sleeping          |     2 |       ||     2
  Eat: Chunk             |     4 |     3 ||     7
Armor: Leather armour    |    15 |     7 ||    22
Dodge: Dodged            |    33 |    26 ||    59
Block: Other             |     3 |       ||     3
       Kite shield       |    21 |       ||    21
       Buckler           |    13 |    17 ||    30
       Reflection        |     2 |     5 ||     7

Table legend:
 A = Non-vault XP
 B = Vault XP
 C = Vault XP percentage of total XP
 D = Non-vault monster count
 E = Vault monster count
 F = Vault count percentage of total count
                 A         B        C        D         E       F
            +---------+---------+-------+---------+---------+-------
      Total |     106 |      61 |  36.5 |      37 |       7 |  15.9
            +---------+---------+-------+---------+---------+-------
        D:1 |      27 |       0 |   0.0 |      18 |       0 |   0.0
        D:2 |      21 |      61 |  74.4 |      11 |       7 |  38.9
        D:3 |      58 |       0 |   0.0 |       8 |       0 |   0.0
            +---------+---------+-------+---------+---------+-------
